 Dungeon Crawl Stone Soup version 0.29.1-1-gd02db6906a (webtiles) character file.

Game seed: 18423236116606231593

44 Icepheonix32 the Caller (level 3, -2/24 HPs)
             Began as a Merfolk Summoner on Oct 9, 2022.
             Slain by a hound (4 damage)
             ... on level 3 of the Dungeon.
             The game lasted 00:02:30 (1928 turns).

Icepheonix32 the Caller (Merfolk Summoner)          Turns: 1928, Time: 00:02:30

Health: -2/24      AC:  3    Str:  8    XL:     3   Next: 60%
Magic:  1/6        EV: 12    Int: 16    God:
Gold:   39         SH:  0    Dex: 14    Spells: 3/6 levels left

rFire   . . .      SeeInvis .   f - +0 spear
rCold   + . .      Faith    .   (no shield)
rNeg    . . .      Spirit   .   m - +1 robe {rC+}
rPois   .          Reflect  .   (no helmet)
rElec   .          Harm     .   (no cloak)
rCorr   .          Rampage  .   (no gloves)
Will    .....                   (no boots)
Stlth   ++........              (no amulet)
HPRegen 0.08/turn               (no ring)
MPRegen 0.10/turn               (no ring)

@: no status effects
A: (nimble swimmer 2), mertail
a: no special abilities


You were on level 3 of the Dungeon.
You visited 1 branch of the dungeon, and saw 3 of its levels.

You collected 39 gold pieces.

Inventory:

Hand Weapons
 f - a +0 spear (weapon)
Armour
 a - a +0 robe
 m - a +1 robe of cold resistance (worn)
Jewellery
 l - a ring of fire
Scrolls
 c - 2 scrolls of identify {unknown}
 d - 3 scrolls of immolation {unknown}
 e - a scroll of poison {unknown}
 h - 2 scrolls of acquirement {unknown}
 i - 2 scrolls of enchant weapon {unknown}
 j - 2 scrolls of teleportation {unknown}
Potions
 b - a potion of magic
 g - a potion of degeneration {unknown}
 k - a potion of brilliance {unknown}


   Skills:
 - Level 2.6 Dodging
 - Level 2.1 Stealth
 - Level 2.0 Spellcasting
 + Level 5.2 Summonings


You had 3 spell levels left.
You knew the following spells:

 Your Spells              Type           Power      Damage    Failure   Level
a - Summon Small Mammal   Summ           72%        N/A       2%          1
b - Call Imp              Summ           18%        N/A       3%          2

Your spell library contained the following spells:

 Spells                   Type           Power      Damage    Failure   Level
 Call Canine Familiar     Summ           18%        N/A       7%          3
 Summon Guardian Golem    Hex/Summ       10%        N/A       22%         3
 Sublimation of Blood     Necr           1%         N/A       30%         2
 Wereblood                Tmut           1%         N/A       30%         2
 Summon Lightning Spire   Summ/Air       10%        N/A       56%         4
 Summon Hydra             Summ           9%         N/A       100%        7


Dungeon Overview and Level Annotations

Branches:
Dungeon (3/15)

Altars:

Shops:
D:1 *

Annotations:
D:3 2 runed translucent doors, Fractals's ghost, amateur OpFE


Innate Abilities, Weirdness & Mutations

((You are very nimble when in or above water. (Stealth+, EV+, Speed+++)))
Your lower body shifts to a powerful aquatic tail in water.


Message History

Press: ? - help, Dir - move target, f/p - hound
Aim: a hound (severely wounded, ally target, about 50% to evade your +0 spear)
You could not reach far enough!
The hound completely misses your crimson imp.
Your crimson imp barely misses the hound.
Unknown command.
Reach: f) +0 spear
Press: ? - help, Dir - move target, f/p - hound
Aim: a hound (severely wounded, ally target, about 50% to evade your +0 spear)
You could not reach far enough!
The hound misses your crimson imp.
Your crimson imp closely misses the hound.
The hound bites your crimson imp.
Unknown command.
Reach: f) +0 spear
Press: ? - help, Dir - move target, f/p - hound
Aim: a hound (severely wounded, ally target, about 50% to evade your +0 spear)
You reach to attack!
You closely miss the hound.
The hound is severely wounded.
The hound bites your crimson imp.
Your crimson imp barely misses the hound.
The hound closely misses your crimson imp.
Reach: f) +0 spear
Press: ? - help, Dir - move target, f/p - hound
Aim: a hound (severely wounded, ally target, about 50% to evade your +0 spear)
You could not reach far enough!
The hound bites your crimson imp.
Your crimson imp dies!
Your crimson imp disappears in a puff of smoke!
Unknown command.
Reach: f) +0 spear
Press: ? - help, Dir - move target, f/p - hound
Aim: a hound (severely wounded, about 50% to evade your +0 spear)
You reach to attack!
You barely miss the hound.
The hound is severely wounded.
The hound bites you.
* * * LOW HITPOINT WARNING * * *
Casting: Call Imp (safe; 3% risk of failure)
Confirm with . or Enter, or press ? or * to list all spells.
A beastly little devil appears in a puff of flame.
The hound bites you.
You die...

#........ # ... ..+KK
#........ # ...##?+W
#........ # #....#.
#........ # #...#
#....#### #
#...##########....# #
#..#..............# #
#...#########.#..#
#...
#......h@5....####
#..###
........#..##########
.
##########..........#
#. ..########.# ####
.# . ##


You could see a hound (ally target) and a friendly crimson imp (summoned).

Vanquished Creatures
  A ball python (D:1)
  2 bats (D:2)
  A goblin (D:2)
  A hobgoblin (D:1)
  3 kobolds
8 creatures vanquished.

Vanquished Creatures (collateral kills)
  2 adders (D:2)
  2 endoplasms (D:2)
  2 giant cockroaches (D:2)
  A goblin (D:2)
  A hobgoblin (D:1)
  2 kobolds
  3 ball pythons
  2 bats
  A frilled lizard (D:2)
  A rat (D:2)
17 creatures vanquished.

Vanquished Creatures (others)
  A fungus (D:3)
  3 plants (D:3)
4 creatures vanquished.

Grand Total: 29 creatures vanquished

Notes
Turn   | Place    | Note
-------+----------+-------------------------------------------
     0 | D:1      | Icepheonix32 the Merfolk Summoner began the quest for the
                  | Orb.
     0 | D:1      | Reached XP level 1. HP: 13/13 MP: 3/3
   176 | D:1      | Found Hurhatyf's General Store.
   550 | D:1      | Reached XP level 2. HP: 13/19 MP: 1/5
   745 | D:1      | Found a faded altar of an unknown god.
   785 | D:1      | You fall into a shaft and drop 1 floor!
  1123 | D:2      | Learned a level 2 spell: Call Imp
  1146 | D:2      | Reached skill level 5 in Summonings
  1146 | D:2      | Reached XP level 3. HP: 24/24 MP: 1/6
  1895 | D:3      | Found a runed translucent gate.
  1895 | D:3      | Found a runed translucent gate.
  1899 | D:3      | Noticed Fractals's ghost (amateur OpFE)
  1901 | D:3      | Noticed a kobold brigand
  1928 | D:3      | Slain by a hound

Illustrated notes

Levels and vault maps discovered:
D:1:      minmay_arrival_three_doors, layout_loops_ring,
          ebering_ecumenical_altar_webs, serial_shops, shop
D:2:      layout_rooms
D:3:      layout_rooms, serial_co_window_serial, co_window_paths_b,
          co_window_corner_a, co_window_paths_b, co_window_paths_a,
          co_window_paths_a, co_window_2corner, co_window_corner_ca,
          co_window_corner_b, co_window_corner_b, co_window_cross_4,
          co_window_2corner, co_window_broadway_c, co_window_4corner_a,
          glass_columns_a, gammafunk_ghost_nasty_kobolds

Skill      XL: |  1  2 |
---------------+-------+-----
Summonings     | 5 |  5.2
Dodging        | |  2.6
Stealth        | |  2.1
Spellcasting   | |  2.0

Action                   || total
-------------------------++-------
Melee: Spear             ||    81
       Unarmed           ||     5
 Cast: Summon Small Mamm ||    18
       Call Imp          ||     8
 Stab: Distracted        ||     1
Armor: Robe              ||    18
Dodge: Dodged            ||    57
